 Seeded DCSS version 0.30-a0-1008-g30c9307041 (webtiles) character file.

Game seed: 17688822001089065522 (custom seed)

2856 GigaChad the Blocker (level 10, -9/83 HPs)
             Began as a Formicid Fighter on Apr 5, 2023.
             Was an Initiate of Gozag.
             Killed by divine providence
             ... invoked by an orc priest
              (12 damage)
             ... on level 7 of the Dungeon.
             The game lasted 00:08:38 (4891 turns).

GigaChad the Blocker (Formicid Fighter)             Turns: 4891, Time: 00:08:39

Health: -9/83      AC: 14    Str: 25    XL:     10   Next: 4%
Magic:  10/10      EV:  9    Int:  8    God:    Gozag
Gold:   304        SH:  6    Dex: 13    Spells: 9/9 levels left

rFire   . . .      SeeInvis +    E - +0 battleaxe (heavy)
rCold   . . .      Faith    .    c - +0 buckler
rNeg    . . .      Spirit   .    u - +0 chain mail
rPois   .          Reflect  .    (helmet unavailable)
rElec   .          Rampage  .    (no cloak)
rCorr   .                        (no gloves)
Will    +....                    (no boots) Stlth
                                 (no amulet)
HPRegen 0.33/turn                h - +4 ring of protection
MPRegen 0.12/turn                (no ring)

@: gold aura
A: permanent stasis, dig shafts and tunnels, antennae 3, four strong arms
a: Dig, Shaft Self, Renounce Religion, Potion Petition, Call Merchant, Bribe
Branch


You were on level 7 of the Dungeon.
You worshipped Gozag.
Gozag was aware of your devotion.
You visited 2 branches of the dungeon, and saw 8 of its levels.

You collected 549 gold pieces.
You spent 191 gold pieces at shops.
You paid 54 gold pieces to Gozag.

Inventory:

Hand Weapons
 a - a +0 war axe
 v - a +1 hammer of protection
 w - a +4 quarterstaff of chaos
 E - a +0 heavy battleaxe (weapon)
Armour
 b - a +0 scale mail
 c - a +0 buckler (worn)
 u - a +0 chain mail (worn)
Jewellery
 h - a +4 ring of protection (left hand)
 j - a ring of flight
 n - an amulet of faith
 p - a ring of protection from cold
 y - an amulet of regeneration
Wands
 q - a wand of flame (19)
 F - a wand of mindburst (21)
Scrolls
 f - 2 scrolls of noise {unknown}
 i - a scroll of teleportation
 k - 3 scrolls of identify
 l - a scroll of blinking {unknown}
 m - a scroll of fog {unknown}
 o - 2 scrolls of enchant weapon {unknown}
 s - a scroll of enchant armour {unknown}
 A - a scroll of poison {unknown}
 C - a scroll of magic mapping {unknown}
 D - 3 scrolls of immolation {unknown}
 G - a scroll of brand weapon {unknown}
Potions
 d - a potion of might
 e - 2 potions of flight {unknown}
 g - 4 potions of heal wounds {unknown}
 r - 2 potions of curing
 t - a potion of brilliance {unknown}
 x - a potion of magic {unknown}
 z - 2 potions of invisibility {unknown}
 B - a potion of cancellation {unknown}


   Skills:
 * Level 9.3 Fighting
 + Level 8.5 Axes
 + Level 8.0 Armour
 - Level 1.9 Dodging
 - Level 5.9 Stealth
 * Level 10.7 Shields


You had 9 spell levels left.
You didn't know any spells.
Your spell library contained the following spells:

 Spells                   Type           Power      Damage    Failure   Level
 Magic Dart               Conj           0%         1d3       92%         1
 Necrotise                Necr           0%         1d4       92%         1
 Slow                     Hex            0%         N/A       92%         1
 Call Imp                 Summ           0%         N/A       98%         2
 Confusing Touch          Hex            0%         N/A       100%        3
 Mephitic Cloud           Conj/Pois/Air  0%         N/A       100%        3
 Vampiric Draining        Necr           0%         2d6       100%        3
 Agony                    Necr           0%         N/A       100%        5


Dungeon Overview and Level Annotations

Branches:
Dungeon (7/15)             Temple (1/1) D:4

Altars:
Dithmenos
Elyvilon
Gozag
Nemelex Xobeh
Vehumet

Shops:
D:3 ***(:   D:4 ![([

Annotations:
D:5 2 runed translucent doors, TheSexyCheese's ghost, amateur DsFE
D:6 3 runed translucent doors, Twinkles's ghost, novice DjFE


Innate Abilities, Weirdness & Mutations

You cannot be hasted, slowed, berserked, paralysed or teleported.
You can dig through walls and to a lower floor.
You have a pair of large antennae on your head. (SInv)
Your four strong arms can wield two-handed weapons with a shield.


Message History

Unknown command.
You barely miss the orc.
The orc priest invokes the aid of Beogh against you.
You resist with significant effort. The orc hits you but does no damage.
The ogre hits you with a +0 giant club! The orc barely misses you.
Unknown command.
You slash the ogre!
The ogre is moderately wounded.
You slice the orc!!
You kill the orc!
You hit the orc.
The ogre hits you with a +0 giant club!!
The orc hits you but does no damage.
The orc priest miscasts a cantrip.
You are too injured to fight recklessly!
Unknown command.
You are too injured to fight recklessly!
Unknown command.
You are too injured to fight recklessly!
Unknown command.
You are too injured to fight recklessly!
Unknown command.
You barely miss the ogre.
The ogre is moderately wounded.
You barely miss the orc. You slash the orc warrior!
You block the orc warrior's attack. The ogre barely misses you.
The orc priest invokes the aid of Beogh against you.
Beogh smites you! The orc hits you but does no damage.
The orc warrior hits you with a +0 mace.
The orc priest looks satisfied for a moment.
The orc hits you but does no damage.
The ogre hits you with a +0 giant club!!
* * * LOW HITPOINT WARNING * * *
Unknown command.
The orc warrior attacks as you move away!
You block the orc warrior's attack.
The orc priest calls down the wrath of Beogh upon you.
Beogh smites you!
You die...
Your body crumbles into a pile of gold.

..#...# .##.#..........
.....## ...............
...<..###...............
#.......#...............
#..#...##....o..........
..##...........o........
.. ...........ooo......
.. ..........oO.....# ..
...#........@....#.. ..
..##.#......<....... ..
##.........#...
#..........# =.
###.....#.... .
#....###..... #####
....# ....# ....


You could see an orc warrior, an ogre, 2 orc priests and 3 orcs.

Vanquished Creatures
  Pikel (D:6)
  Sigmund (D:2)
  Eustachio (D:5)
  A water moccasin (D:6)
  3 lemures (D:6)
  2 centaurs
  Blork the orc (D:6)
  2 phantoms (D:4)
  A bullfrog (D:6)
  2 scorpions
  2 jellies
  An orc priest (D:6)
  A hound (D:5)
  Crazy Yiuf (D:2)
  2 sleepcaps
  3 iguanas
  An orc wizard (D:5)
  13 adders
  2 white imps
  3 ufetubi
  3 dart slugs (D:2)
  12 orcs
  8 ball pythons
  9 endoplasms
  3 giant cockroaches
  6 goblins
  2 hobgoblins
  3 jackals
  9 kobolds
  3 quokkas
  5 bats
  5 rats
112 creatures vanquished.

Notes
Turn   | Place    | Note
-------+----------+-------------------------------------------
     0 | D:1      | GigaChad the Formicid Fighter began the quest for the Orb.
     0 | D:1      | Reached XP level 1. HP: 18/18 MP: 1/1
    73 | D:1      | Reached XP level 2. HP: 23/24 MP: 2/2
   424 | D:2      | Reached XP level 3. HP: 26/29 MP: 3/3
   666 | D:2      | Noticed Sigmund
   673 | D:2      | Killed Sigmund
   674 | D:2      | Reached XP level 4. HP: 33/37 MP: 4/4
   674 | D:2      | Reached XP level 5. HP: 37/42 MP: 5/5
   701 | D:2      | Reached XP level 6. HP: 48/48 MP: 6/6
   723 | D:2      | Reached skill level 1 in Dodging
   972 | D:2      | Found a sparkling altar of Nemelex Xobeh.
  1056 | D:2      | Found a runed translucent door.
  1057 | D:2      | Noticed Crazy Yiuf
  1226 | D:2      | Killed Crazy Yiuf
  1227 | D:2      | Reached skill level 5 in Shields
  1669 | D:3      | Found Liuleojaixo's Antique Weapon Boutique.
  1702 | D:3      | Found Resyime's General Store.
  1805 | D:3      | Found Rifaaminn's Book Shoppe.
  1996 | D:3      | Found Doxticou's General Store.
  2040 | D:3      | Found Barghib's General Store.
  2237 | D:4      | Found a staircase to the Ecumenical Temple.
  2247 | D:4      | Reached XP level 7. HP: 54/54 MP: 7/7
  2250 | Temple   | Entered the Ecumenical Temple
  2258 | Temple   | Became a worshipper of Gozag Ym Sagoz the Greedy
  2507 | D:4      | Reached skill level 5 in Axes
  2515 | D:4      | Found Quvadwemp's Armour Shoppe.
  2521 | D:4      | Found a shadowy altar of Dithmenos.
  2531 | D:4      | Found Ziut Imubb's Armour Shoppe.
  2532 | D:4      | Found Tonuwan's Distillery.
  2533 | D:4      | Found Keorghixi's Weapon Shoppe.
  2535 | D:4      | You fall into a shaft and drop 3 floors!
  2542 | D:6      | Reached skill level 5 in Armour
  2575 | D:5      | Entered Level 5 of the Dungeon
  2782 | D:5      | Reached XP level 8. HP: 55/61 MP: 8/8
  2846 | D:5      | Found a runed translucent door.
  2847 | D:5      | Noticed TheSexyCheese's ghost (amateur DsFE)
  2880 | D:5      | Found a runed translucent door.
  2981 | D:5      | Noticed Eustachio
  3070 | D:5      | Killed Eustachio
  3657 | D:4      | Bought a +0 heavy battleaxe for 191 gold pieces
  3689 | D:4      | Reached skill level 5 in Stealth
  3689 | D:4      | Reached skill level 10 in Shields
  3689 | D:4      | Reached XP level 9. HP: 75/75 MP: 9/9
  4149 | D:6      | Noticed Blork the orc
  4157 | D:6      | Killed Blork the orc
  4338 | D:6      | Found a white marble altar of Elyvilon.
  4382 | D:6      | Noticed Pikel
  4390 | D:6      | Killed Pikel
  4391 | D:6      | Reached XP level 10. HP: 56/83 MP: 10/10
  4740 | D:6      | Found a runed translucent gate.
  4742 | D:6      | Found a runed translucent gate.
  4742 | D:6      | Noticed Twinkles's ghost (novice DjFE)
  4743 | D:6      | Found a runed translucent gate.
  4890 | D:7      | HP: 2/83 [ogre/+0 giant club (23)]
  4891 | D:7      | Killed from afar by an orc priest

Illustrated notes

Levels and vault maps discovered:
D:1:      dpeg_arrival_water_temple_mockup, layout_rooms, chequers_jeans
D:2:      layout_basic, basic_altar, grunt_ministairs_12, minmay_joined_circles,
          uniq_sigmund, uniq_crazy_yiuf_cottage
D:3:      layout_basic, serial_shops, nicolae_shop_hallway_plus,
          nicolae_shop_hallway_stairs, shop, nicolae_shop_behind_doors,
          nicolae_shop_behind_doors, dk_noncrumbling_3
D:4:      layout_loops_ring, grunt_dithmenos_smoke_and_mirrors,
          minmay_temple_entry_hall, minmay_shop_grid_forest
D:5:      layout_loops_ring, ebering_ghost_sewer_f, uniq_eustachio
D:6:      layout_basic, kennysheep_mini, ebering_ghost_rock_garden, uniq_pikel,
          uniq_blork_the_orc
D:7:      kennysheep_housing_project, layout_cave_pools, marbit_many_paths,
          nicolae_figureground_sparkle
Temple:   dpeg_chambers_temple

Skill      XL: |  1  2  3  4  5  6  7  8  9 |
---------------+----------------------------+-----
Fighting       | 4 8 9 |  9.3
Axes           | 4 5 7 8 |  8.5
Armour         | 4 5 7 8 |  8.0
Dodging        | 1 |  1.9
Shields        | 5 10 | 10.7
Stealth        | 5 |  5.9

Action                     |  1- 3 |  4- 6 |  7- 9 | 10-12 || total
---------------------------+-------+-------+-------+-------++-------
  Melee: War axe           |    56 |   119 |   163 |       ||   338
         Battleaxe         |       |       |    45 |    11 ||    56
    Use: Potion            |       |     1 |     1 |       ||     2
         Scroll            |       |       |     3 |       ||     3
 Armour: Scale mail        |    36 |    26 |       |       ||    62
         Chain mail        |       |    37 |   159 |     8 ||   204
  Dodge: Dodged            |    28 |    57 |   115 |     4 ||   204
  Block: Buckler           |    12 |    27 |    62 |     4 ||   105

Table legend: (Time is in decaauts)
 A = Elapsed time spent in this place.
 B = Non-inter-level travel time spent in this place.
 C = Inter-level travel time spent in this place.
 D = Time resting spent in this place.
 E = Time spent auto-exploring this place.
 F = Levels seen in this place.
 G = Mean time per level.
                   A        B        C        D        E       F      G
               +--------+--------+--------+--------+--------+-----+--------+
         Total |   5041 |   4942 |     99 |    606 |   3163 |   8 |  630.1 |
       Dungeon |   5024 |   4925 |     99 |    606 |   3163 |   7 |  717.7 |
        Temple |     16 |     16 |      0 |      0 |      0 |   1 |   16.0 |
               +--------+--------+--------+--------+--------+-----+--------+

Top non-repeatable levels by time:
     D:2: 1216 daAuts
     D:5: 1076 daAuts
     D:6: 872 daAuts
     D:4: 795 daAuts
     D:3: 622 daAuts
     D:1: 428 daAuts
  Temple: 16 daAuts
     D:7: 12 daAuts
